 Dungeon Crawl Stone Soup version 0.30-a0-723-gc1506a1cf0 (webtiles) character file.

Game seed: 14838132185453728609

22 pokeman the Magician (level 2, 0/16 HPs)
             Began as a Deep Elf Hedge Wizard on Jan 28, 2023.
             Slain by an orc
             ... wielding a +0 dagger
              (2 damage)
             ... on level 2 of the Dungeon.
             The game lasted 00:02:27 (1345 turns).

pokeman the Magician (Deep Elf Hedge Wizard)        Turns: 1345, Time: 00:02:28

Health: 0/16       AC:  3    Str:  7    XL:     2   Next: 68%
Magic:  9/9        EV: 12    Int: 18    God:
Gold:   33         SH:  0    Dex: 14    Spells: 9/10 levels left

rFire   . . .      SeeInvis .    g - +2 hand axe (vamp)
rCold   . . .      Faith    .    (no shield)
rNeg    . . .      Spirit   .    b - +0 robe
rPois   .          Reflect  .    i - +0 helmet
rElec   .          Harm     .    (no cloak)
rCorr   +          Rampage  .    (no gloves)
Will    .....                    (no boots)
Stlth   ++                       (no amulet)
HPRegen 0.22/turn                c - ring of resist corrosion
MPRegen 0.11/turn                (no ring)

@: no status effects
A: no striking features
a: no special abilities


You were on level 2 of the Dungeon.
You visited 1 branch of the dungeon, and saw 2 of its levels.

You collected 33 gold pieces.

Inventory:

Hand Weapons
 g - a +2 vampiric hand axe (weapon)
Armour
 b - a +0 robe (worn)
 i - a +0 helmet (worn)
Magical Staves
 h - a staff of air
Jewellery
 c - a ring of resist corrosion (left hand)
Scrolls
 a - a scroll of vulnerability {unknown}
 e - 4 scrolls of identify {unknown}
 f - a scroll of fog {unknown}
Potions
 d - a potion of magic


   Skills:
 + Level 0.6 Fighting
 + Level 0.6 Armour
 - Level 2.4 Dodging
 - Level 2.4 Stealth
 * Level 4.9 Spellcasting
 + Level 1.6 Conjurations
 - Level 1.1 Summonings
 - Level 1.1 Translocations


You had 9 spell levels left.
You knew the following spells:

 Your Spells              Type           Power      Damage    Failure   Level
a - Magic Dart            Conj           40%        1d5       7%          1

Your spell library contained the following spells:

 Spells                   Type           Power      Damage    Failure   Level
 Apportation              Tloc           16%        N/A       9%          1
 Summon Small Mammal      Summ           32%        N/A       9%          1
 Blink                    Tloc           16%        N/A       13%         2
 Call Imp                 Summ           8%         N/A       13%         2
 Lesser Beckoning         Tloc           16%        N/A       13%         2
 Necrotise                Necr           16%        1d4       14%         1
 Slow                     Hex            16%        N/A       14%         1
 Cigotuvi's Dreadful Rot  Necr/Pois/Air  8%         N/A       21%         2
 Gell's Gravitas          Tloc           8%         N/A       26%         3
 Teleport Other           Tloc           8%         N/A       26%         3
 Mephitic Cloud           Conj/Pois/Air  6%         N/A       32%         3
 Dispersal                Tloc           4%         N/A       100%        6


Dungeon Overview and Level Annotations

Branches:
Dungeon (2/15)

Altars:

Annotations:
D:2 Terence


Message History

Casting: Magic Dart (safe; 7% risk of failure)
Confirm with . or Enter, or press ? or * to list all spells.
Aiming: Magic Dart (safe; 7% risk of failure)
Press: ? - help, Shift-Dir - straight line, f/p - endoplasm
Aim: an endoplasm (100% to hit)
The magic dart hits the endoplasm.
The endoplasm is heavily wounded.
Casting: Magic Dart (safe; 7% risk of failure)
Confirm with . or Enter, or press ? or * to list all spells.
Aiming: Magic Dart (safe; 7% risk of failure)
Press: ? - help, Shift-Dir - straight line, f/p - endoplasm
Aim: an endoplasm (heavily wounded, 100% to hit)
The magic dart hits the endoplasm.
You kill the endoplasm!
Casting: Magic Dart (safe; 7% risk of failure)
Confirm with . or Enter, or press ? or * to list all spells.
You can't see any susceptible monsters within range! (Use Z to cast anyway.) Unknown command.
Magic restored.
There is an open door here.
You open the door. 2 orcs and 2 orc priests come into view.
An orc priest is wielding a +0 mace of protection.
An orc priest is wielding a +3 hand axe of electrocution.
The orc shouts!
The orc priest shouts! x2
The orc attacks as you move away! The orc completely misses you.
The orc shouts!
The orc priest invokes the aid of Beogh against you.
Beogh smites you!
Ouch! That really hurt!
The orc attacks as you move away! The orc closely misses you.
There is an open door here.
The orc attacks as you move away! The orc misses you.
The orc attacks as you move away! The orc hits you with a +0 dagger.
There is an open door here.
The orc attacks as you move away! The orc closely misses you.
The orc priest calls down the wrath of Beogh upon you.
Pain shoots through your body!
* * * LOW HITPOINT WARNING * * *
The orc attacks as you move away! The orc hits you with a +0 dagger.
You die...

....... +####..
#.. ### #.. #<#
#.# #.# #.# #@#
##+#o#+###
#........#
#........#
#........#
#.oo.....#
##'#+#+#...
###o..#.#....
.######.......#
...


You could see 2 orc priests and 2 orcs.

Vanquished Creatures
  A dart slug (D:1)
  3 bats
  2 endoplasms
  A giant cockroach (D:1)
  3 hobgoblins (D:1)
  2 kobolds
  2 quokkas
  2 ball pythons (D:1)
  A rat (D:1)
17 creatures vanquished.

Notes
Turn   | Place    | Note
-------+----------+-------------------------------------------
     0 | D:1      | pokeman the Deep Elf Hedge Wizard began the quest for the
                  | Orb.
     0 | D:1      | Reached XP level 1. HP: 10/10 MP: 7/7
    98 | D:1      | You fall into a shaft and drop 1 floor!
   361 | D:1      | Reached XP level 2. HP: 16/16 MP: 6/9
   670 | D:1      | Found a faded altar of an unknown god.
  1232 | D:2      | Noticed Terence
  1345 | D:2      | Slain by an orc

Illustrated notes

Levels and vault maps discovered:
D:1:      dpeg_arrival_stonehenge_8_columns, layout_loops_ring,
          hellmonk_ecumenical_altar_defaced_shrine, minmay_misc_feat_square
D:2:      layout_basic, uniq_terence

Action                     || total
---------------------------++-------
  Melee: Hand axe          ||     3
   Cast: Magic Dart        ||    49
 Armour: Robe              ||     2
  Dodge: Dodged            ||     8

Table legend: (Time is in decaauts)
 A = Elapsed time spent in this place.
 B = Non-inter-level travel time spent in this place.
 C = Inter-level travel time spent in this place.
 D = Time resting spent in this place.
 E = Time spent auto-exploring this place.
 F = Levels seen in this place.
 G = Mean time per level.
                   A        B        C        D        E       F      G
               +--------+--------+--------+--------+--------+-----+--------+
         Total |   1344 |   1291 |     53 |     60 |   1038 |   2 |  672.0 |
       Dungeon |   1344 |   1291 |     53 |     60 |   1038 |   2 |  672.0 |
               +--------+--------+--------+--------+--------+-----+--------+

Top non-repeatable levels by time:
     D:1: 1016 daAuts
     D:2: 328 daAuts
